 Dungeon Crawl Stone Soup version 0.28.0 (webtiles) character file.

Game seed: 6660173242880083071

3173 Ayyar the Fighter (level 9, -12/83 HPs)
             Began as a Minotaur Fighter on Apr 13, 2022.
             Mangled by Harold (17 damage)
             ... on level 7 of the Dungeon.
             The game lasted 00:18:31 (7258 turns).

Ayyar the Fighter (Minotaur Fighter)                Turns: 7258, Time: 00:18:31

Health: -12/83     AC: 13    Str: 27    XL:     9   Next: 63%
Magic:  8/8        EV:  9    Int:  5    God:
Gold:   302        SH:  0    Dex: 10    Spells: 8/8 levels left

rFire   + . .      SeeInvis +   a - +0 long sword
rCold   . . .      Faith    .   c - +0 buckler
rNeg    . . .      Spirit   .   b - +0 scale mail
rPois   .          Reflect  +   (helmet restricted)
rElec   .          Harm     .   t - +0 cloak
rCorr   .          Rampage  .   E - +2 pair of gloves
Will    .....                   (no boots)
Stlth   ..........              y - amulet of reflection
HPRegen 0.23/turn               g - ring of see invisible
MPRegen 0.11/turn               F - ring "Joxiskasm" {+Blink rF+ Str+2 Slay+2}

@: confused, mighty, marked
A: horns 2, retaliatory headbutt
a: Evoke Blink


You were on level 7 of the Dungeon.
You visited 1 branch of the dungeon, and saw 7 of its levels.
You also visited: Sewer.

You collected 302 gold pieces.

Inventory:

Hand Weapons
 a - a +0 long sword (weapon)
Missiles
 m - 11 poisoned darts (quivered)
Armour
 b - a +0 scale mail (worn)
 c - a +0 buckler (worn)
 k - a +0 ring mail of cold resistance
 p - a +0 pair of gloves
 t - a +0 cloak (worn)
 E - a +2 pair of gloves (worn)
Jewellery
 g - a ring of see invisible (left hand)
 i - a +4 ring of evasion
 y - an amulet of reflection (around neck)
 F - the ring "Joxiskasm" (right hand) {+Blink rF+ Str+2 Slay+2}
   (You found it on level 7 of the Dungeon)

   [ring of protection from fire]

   Str:       It affects your strength (+2).
   Slay:      It affects your accuracy & damage with ranged weapons and melee
   (+2).
   rF:        It protects you from fire.
   +Blink:    It lets you blink.
Wands
 x - a wand of digging (6)
 z - a wand of flame (8)
Scrolls
 e - 2 scrolls of amnesia {unknown}
 f - 4 scrolls of torment {unknown}
 h - a scroll of summoning {unknown}
 n - a scroll of noise {unknown}
 o - a scroll of acquirement {unknown}
 r - 5 scrolls of teleportation {unknown}
 s - 2 scrolls of identify {unknown}
 w - a scroll of enchant armour {unknown}
 B - a scroll of vulnerability {unknown}
 C - a scroll of enchant weapon {unknown}
Potions
 d - a potion of might
 j - a potion of ambrosia {unknown}
 q - a potion of experience {unknown}
 u - 2 potions of curing
 v - a potion of mutation {unknown}
 A - a potion of cancellation {unknown}
 D - a potion of attraction {unknown}


   Skills:
 + Level 9.0 Fighting
 * Level 8.5 Long Blades
 + Level 0.3 Throwing
 + Level 8.9 Armour
 + Level 8.9 Shields
 * Level 0.1 Evocations


You had 8 spell levels left.
You didn't know any spells.
Your spell library contained the following spells:

 Spells                   Type           Power      Damage    Failure   Level
 Blink                    Tloc           0%         N/A       89%         2
 Manifold Assault         Tloc           0%         N/A       100%        5
 Storm Form               Tmut/Air       0%         N/A       100%        7


Dungeon Overview and Level Annotations

Branches:
Dungeon (7/15)              Sewer (visited)
 Temple: D:4-7

Altars:
Yredelemnul

Shops:
D:1 !(?

Annotations:
D:7 Harold


Innate Abilities, Weirdness & Mutations

You have a pair of horns on your head.
You reflexively headbutt those who attack you in melee.


Message History

The orc wizard barely misses you. You furiously retaliate!
You headbutt the orc wizard! The orc warrior closely misses you.
Harold hits you with a +0 scimitar!
* * * LOW HITPOINT WARNING * * *
You slash Harold! Your headbutt misses Harold.
Harold is heavily wounded.
The orc wizard hits you but does no damage.
The orc warrior barely misses you. You block Harold's attack.
The orc priest mumbles some strange prayers to Beogh against you.
Beogh smites you!
* * * LOW HITPOINT WARNING * * *
You feel much better. You block the orc wizard's attack.
You block the orc warrior's attack. Harold hits you with a +0 scimitar!
* * * LOW HITPOINT WARNING * * *
You slash Harold! You headbutt Harold!
Harold is severely wounded.
The orc wizard gestures at you while chanting.
The puff of flame hits you. You resist.
* * * LOW HITPOINT WARNING * * *
You block the orc warrior's attack. Harold hits you with a +0 scimitar.
* * * LOW HITPOINT WARNING * * *
The orc priest calls upon Beogh to heal the orc wizard.
The orc wizard is healed somewhat.
You feel much better. You block the orc wizard's attack.
You block the orc warrior's attack.
Harold points at you and mumbles some strange words.
A sentinel's mark forms upon you.
The orc priest calls down the wrath of Beogh upon you.
Beogh smites you!
* * * LOW HITPOINT WARNING * * *
You hit Harold.
Harold is severely wounded.
The orc wizard hits you but does no damage.
The orc warrior hits you from afar with a +0 trident!
* * * LOW HITPOINT WARNING * * *
You block Harold's attack.
The orc wizard points at you and mumbles some strange words.
You are confused.
Harold hits you with a +0 scimitar!
You die...

#.. ..# ......# #.. ...#.
.....## ..# .....
#.##..##..##
....###.#........###
#........>.#o.....##
#.....#..##oo.....# .
#.....#[.##o####
..###.........@@...#
........).#..#..#......#
..........##....##.....#
##........###...# #..###
....###........##.......#
.....###.......##.#.....#
...........##(.........#
.......#.#.............#
....######............#


You could see Harold, an orc warrior, an orc priest, an orc wizard and an orc.

Vanquished Creatures
  Pikel (D:5)
  Grinder (D:6)
  Prince Ribbit (D:6)
  Sigmund (D:3)
  Duvessa (D:4)
  2 sky beasts (D:6)
  Pargi (Sewer)
  An ice beast (D:4)
  A necrophage (D:4)
  3 centaurs
  2 lemures (D:5)
  The ghost of roseMary the Cutter, an amateur VSFi (D:3)
  2 bullfrogs
  Blork the orc (D:6)
  2 gnoll sergeants (D:4)
  2 wyvern skeletons
  Dowan (D:4)
  A bullfrog zombie (D:5)
  2 hounds
  2 jellies (D:4)
  4 orc priests
  A bullfrog skeleton (D:6)
  Crazy Yiuf (D:4)
  A centaur skeleton (D:5)
  Jessica (D:3)
  3 iguanas
  3 orc wizards
  Robin (D:3)
  6 adders
  11 gnolls
  A shadow imp (D:6)
  2 white imps (D:5)
  2 ufetubi
  2 adder skeletons (D:4)
  2 worms
  The ghost of NinjaNoafa the Magician, a weakling DrWz (D:3)
  7 orcs
  3 ball pythons
  3 endoplasms
  6 giant cockroaches
  7 hobgoblins
  6 quokkas
  7 bats
  A frilled lizard (Sewer)
  18 goblins
  8 kobolds
  6 rats
143 creatures vanquished.

Vanquished Creatures (others)
  An orc wizard (D:4)
  3 withered plants (D:3)
4 creatures vanquished.

Grand Total: 147 creatures vanquished

Notes
Turn   | Place    | Note
-------+----------+-------------------------------------------
     0 | D:1      | Ayyar the Minotaur Fighter began the quest for the Orb.
     0 | D:1      | Reached XP level 1. HP: 19/19 MP: 0/0
    38 | D:1      | Found a faded altar of an unknown god.
   125 | D:1      | Found Paiderink's Magic Scroll Emporium.
   157 | D:1      | Reached XP level 2. HP: 27/27 MP: 1/1
   503 | D:1      | Found Wuqy's Weapon Shop.
   510 | D:1      | Reached skill level 4 in Fighting
   642 | D:1      | Found Himmis Focee's Distillery.
   886 | D:2      | Reached XP level 3. HP: 33/33 MP: 2/2
  1829 | D:3      | Noticed Robin
  1847 | D:3      | Killed Robin
  1848 | D:3      | Reached XP level 4. HP: 26/41 MP: 3/3
  1978 | D:3      | Noticed Sigmund
  1986 | D:3      | Killed Sigmund
  1987 | D:3      | Reached skill level 5 in Fighting
  1987 | D:3      | Reached skill level 5 in Armour
  1987 | D:3      | Reached skill level 5 in Shields
  1987 | D:3      | Reached XP level 5. HP: 38/48 MP: 4/4
  2021 | D:3      | Found a basalt altar of Yredelemnul.
  2057 | D:3      | Found a runed translucent gate.
  2057 | D:3      | Found a runed translucent gate.
  2057 | D:3      | Found a runed translucent gate.
  2057 | D:3      | Noticed roseMary's ghost (amateur VSFi)
  2058 | D:3      | Noticed NinjaNoafa's ghost (weakling DrWz)
  2089 | D:3      | Noticed Jessica
  2094 | D:3      | Killed Jessica
  2095 | D:3      | Reached XP level 6. HP: 49/56 MP: 5/5
  2198 | D:3      | Found a glowing drain.
  2202 | Sewer    | Entered a sewer
  2376 | Sewer    | Noticed Pargi
  2387 | Sewer    | Killed Pargi
  2760 | D:3      | Killed roseMary's ghost
  2761 | D:3      | Reached skill level 5 in Long Blades
  2763 | D:3      | Killed NinjaNoafa's ghost
  3076 | D:4      | Reached XP level 7. HP: 57/62 MP: 6/6
  3201 | D:4      | Reached skill level 6 in Fighting
  3320 | D:4      | Noticed Duvessa
  3321 | D:4      | Noticed Dowan
  3336 | D:4      | Killed Duvessa
  3341 | D:4      | Killed Dowan
  3674 | D:4      | Identified the +5 dagger of the Sky {venom, rF+}
  3807 | D:4      | Found a runed translucent door.
  3808 | D:4      | Noticed Crazy Yiuf
  4000 | D:4      | Killed Crazy Yiuf
  4131 | D:5      | Entered Level 5 of the Dungeon
  4164 | D:4      | Reached XP level 8. HP: 43/71 MP: 7/7
  4540 | D:5      | Reached skill level 7 in Fighting
  4588 | D:5      | Noticed Pikel
  4613 | D:5      | Killed Pikel
  5002 | D:4      | Reached skill level 8 in Fighting
  5002 | D:4      | Reached XP level 9. HP: 62/81 MP: 8/8
  5769 | D:6      | Noticed Prince Ribbit
  5774 | D:6      | Killed Prince Ribbit
  5970 | D:6      | Noticed Grinder
  5983 | D:6      | Killed Grinder
  6138 | D:6      | Noticed Blork the orc
  6158 | D:6      | Killed Blork the orc
  7220 | D:7      | Reached skill level 9 in Fighting
  7222 | D:7      | Identified the ring "Joxiskasm" {+Blink rF+ Str+2 Slay+2}
  7242 | D:7      | Noticed Harold
  7255 | D:7      | HP: 4/83 [orc warrior (15)]
  7258 | D:7      | Mangled by Harold

Illustrated notes

Levels and vault maps discovered:
D:1:      mainiacjoe_arrival_reflecting_pool, layout_loops_ring,
          basic_ecumenical_altar, serial_shops,
          nicolae_shop_bloodbath_and_beyond, shop, nicolae_shop_hallway_plus
D:2:      layout_basic, amcnicky_mini_pool_small, serial_bayou_pond_c
D:3:      layout_basic, yredelemnul_altar_generic, gup_sewer_entry_spiral,
          gammafunk_ghost_cemetery, uniq_robin, uniq_sigmund, uniq_jessica
D:4:      layout_basic, minmay_misc_feat_encased, uniq_duvessa,
          uniq_crazy_yiuf_cottage
D:5:      nicolae_cairo_tiling_large, layout_loops_ring, uniq_pikel
D:6:      layout_loops_cross, uniq_blork_the_orc, uniq_grinder,
          uniq_prince_ribbit1
D:7:      layout_cave_pools, minmay_temple_entry_tees, dk_noncrumbling_3,
          uniq_harold

Skill      XL: |  1  2  3  4  5  6  7  8  9 |
---------------+----------------------------+-----
Shields        | 4 5 6 8 |  8.9
Fighting       | 4 5 6 8 9 |  9.0
Armour         | 4 5 6 7 8 |  8.9
Long Blades    | 3 4 5 6 7 8 |  8.5
Throwing       | |  0.3
Evocations     | |  0.1

Action                   |  1- 3 |  4- 6 |  7- 9 || total
-------------------------+-------+-------+-------++-------
Melee: Long sword        |   108 |    90 |   272 ||   470
       Headbutt          |     9 |     9 |    53 ||    71
Throw: Dart              |       |       |     1 ||     1
Evoke: Wand              |       |       |     3 ||     3
  Use: Potion            |       |       |     5 ||     5
Armor: Scale mail        |    53 |    38 |    86 ||   177
Dodge: Dodged            |    69 |    75 |   138 ||   282
Block: Buckler           |    25 |    26 |   149 ||   200
       Reflection        |       |       |     4 ||     4
